 Dungeon Crawl Stone Soup version 0.31-a0-620-gd1cbd99268 (webtiles) character file.

Game seed: 4290320732820625137

2552 rjrrt the Cleaver (level 9, -1/82 HPs)
             Began as a Hill Orc Fighter on Aug 23, 2023.
             Was a Believer of Trog.
             Slain by an iguana (3 damage)
             ... on level 7 of the Dungeon.
             The game lasted 00:10:43 (6037 turns).

rjrrt the Cleaver (Hill Orc Fighter)                Turns: 6037, Time: 00:10:44

Health: -1/82      AC: 13    Str: 23    XL:     9   Next: 56%
Magic:  9/9        EV:  6    Int: 14    God:    Trog [**....]
Gold:   353        SH:  4    Dex: 10    Spells: 8/8 levels left

rFire   . . .        a - +0 war axe
rCold   . . .        c - +0 buckler
rNeg    . . .        y - +0 plate armour
rPois   +            (no helmet)
rElec   .            (no cloak)
rCorr   .            (no gloves)
SInv    .            (no boots)
Will    .....        (no amulet) Stlth
                     g - ring of Omexzi Goin {rPois Int+6 Stlth+}
HPRegen 0.33/turn    (no ring)
MPRegen 0.11/turn

%: no passive effects
@: on berserk cooldown, slowed, very slow
A: no striking features
a: Renounce Religion, Berserk, Trog's Hand


You were on level 7 of the Dungeon.
You worshipped Trog.
Trog was pleased with you.
You visited 1 branch of the dungeon, and saw 7 of its levels.

You collected 353 gold pieces.

Inventory:

Hand Weapons
 a - a +0 war axe (weapon)
 l - a +0 spear
Missiles
 f - a throwing net
Armour
 c - a +0 buckler (worn)
 y - a +0 plate armour (worn)
Jewellery
 g - the ring of Omexzi Goin (left hand) {rPois Int+6 Stlth+}
   (You found it on level 2 of the Dungeon)

   [ring of intelligence]

   Int+6:     It affects your intelligence (+6).
   rPois:     It protects you from poison Stlth+: It makes you more stealthy.
 m - a ring of ice
 x - a ring of ice
Wands
 o - a wand of quicksilver (5)
Scrolls
 b - 2 scrolls of noise {unknown}
 e - 16 scrolls of identify {unknown}
 h - 2 scrolls of amnesia {unknown}
 r - 2 scrolls of revelation {unknown}
 t - 2 scrolls of teleportation {unknown}
 v - a scroll of enchant armour {unknown}
Potions
 d - 3 potions of might
 i - 3 potions of degeneration {unknown}
 j - a potion of haste {unknown}
 k - 2 potions of mutation {unknown}
 n - a potion of berserk rage {unknown}
 p - 4 potions of curing {unknown}
 q - 2 potions of heal wounds {unknown}
 s - a potion of brilliance {unknown}
 u - a potion of invisibility {unknown}


   Skills:
 + Level 8.4 Fighting
 * Level 11.9 Axes
 + Level 7.7 Armour
 - Level 3.2 Shields


You had 8 spell levels left.
You didn't know any spells.
Your spell library was empty.

Dungeon Overview and Level Annotations

Branches:
Dungeon (7/15)             Temple (0/1) D:4

Altars:
Dithmenos
Makhleb
Trog
The Shining One

Annotations:
D:4 3 runed translucent doors, Glub's ghost, amateur MiBe


Message History

* * * LOW HITPOINT WARNING * * *
You closely miss the orc warrior.
The orc warrior is almost dead.
You slash the orc warrior!
You feel the power of Trog in you as your rage grows.
You kill the orc warrior!
Trog accepts your kill.
The kobold brigand hits you but does no damage.
An iguana comes into view.
Items here: ))) [ †.
You feel a strong urge to attack something.
The kobold brigand barely misses you.
You barely miss the kobold brigand. You slash the kobold brigand!
The kobold brigand is heavily wounded.
The kobold brigand hits you but does no damage.
You closely miss the kobold brigand.
The kobold brigand is heavily wounded.
You closely miss the kobold brigand.
The kobold brigand is heavily wounded.
The kobold brigand hits you with a +0 dagger.
* * * LOW HITPOINT WARNING * * *
You slice the kobold brigand!!
You kill the kobold brigand!
Trog accepts your kill.
Items here: ( ))) [ †.
Found 20 gold pieces.
You feel a strong urge to attack something.
You are no longer berserk.
You are exhausted.
You feel yourself slow down. The iguana bites you!
* * * LOW HITPOINT WARNING * * *
You closely miss the iguana. The iguana bites you.
* * * LOW HITPOINT WARNING * * *
Okay, then.
You slash the iguana!
The iguana is almost dead.
The iguana bites you but does no damage.
The iguana bites you.
You die...

'.'####.#.###.#.#.....#
♣......#.#...........#
'.'####.#.#.###.#.....#
#.#.......#...$..
#.#.####### ....#
#.........# ....#
#####)#####.....#
#...)........[#.#
#...@$.......
#...l........
#.........##.
.........>...
...#...........#
#.##..####....## #. #..
....# #$. ....#


You could see an iguana.

Vanquished Creatures
  A cyclops (D:7)
  A wraith (D:7)
  Edmund (D:6)
  3 orc warriors
  Pargi (D:3)
  A black bear (D:5)
  An ogre (D:5)
  3 centaurs (D:6)
  4 phantoms
  2 kobold brigands
  A bullfrog (D:6)
  A howler monkey (D:5)
  2 hounds (D:5)
  A jelly (D:4)
  5 orc priests
  Ijyb (D:3)
  3 orc wizards
  3 gnolls (D:7)
  10 adders
  3 white imps
  4 worms
  5 dart slugs
  14 orcs
  A bat (D:2)
  9 endoplasms
  3 giant cockroaches
  7 goblins
  9 hobgoblins
  8 jackals
  3 quokkas
  5 ball pythons
  2 frilled lizards (D:2)
  11 kobolds
  4 rats
133 creatures vanquished.

Notes
Turn   | Place    | Note
-------+----------+-------------------------------------------
     0 | D:1      | rjrrt the Hill Orc Fighter began the quest for the Orb.
     0 | D:1      | Reached XP level 1. HP: 19/19 MP: 1/1
    28 | D:1      | Reached skill level 3 in Axes
    67 | D:1      | Reached XP level 2. HP: 27/27 MP: 2/2
   625 | D:2      | Identified the ring of Omexzi Goin {rPois Int+6 Stlth+}
   706 | D:2      | Reached XP level 3. HP: 33/33 MP: 3/3
   756 | D:2      | Reached skill level 4 in Axes
   814 | D:2      | Found a bloodstained altar of Trog.
   825 | D:2      | Reached XP level 4. HP: 40/40 MP: 4/4
   855 | D:2      | Became a worshipper of Trog the Wrathful
  1310 | D:3      | Noticed Pargi
  1426 | D:3      | Killed Pargi
  1427 | D:3      | Reached skill level 5 in Axes
  1427 | D:3      | Reached XP level 5. HP: 15/47 MP: 5/5
  1571 | D:3      | Found a faded altar of an unknown god.
  1649 | D:3      | Noticed Ijyb
  1666 | D:3      | Killed Ijyb
  1961 | D:3      | Reached skill level 6 in Axes
  1961 | D:3      | Reached XP level 6. HP: 50/55 MP: 6/6
  2112 | D:3      | Reached skill level 5 in Fighting
  2642 | D:4      | Noticed Glub's ghost (amateur MiBe)
  2645 | D:4      | Found a runed translucent gate.
  2645 | D:4      | Found a runed translucent gate.
  2645 | D:4      | Found a runed translucent gate.
  2675 | D:4      | Found a staircase to the Ecumenical Temple.
  2713 | D:4      | Found a glowing golden altar of the Shining One.
  2818 | D:4      | Found a burning altar of Makhleb.
  2945 | D:4      | Reached * piety under Trog
  3349 | D:5      | Entered Level 5 of the Dungeon
  3349 | D:5      | Noticed a black bear
  3358 | D:5      | Killed a black bear
  3359 | D:5      | Reached skill level 7 in Axes
  3359 | D:5      | Reached skill level 5 in Armour
  3359 | D:5      | Reached XP level 7. HP: 14/62 MP: 7/7
  3681 | D:5      | Reached skill level 8 in Axes
  3991 | D:5      | Reached XP level 8. HP: 40/71 MP: 8/8
  4467 | D:6      | Reached skill level 9 in Axes
  4547 | D:6      | Reached ** piety under Trog
  4674 | D:6      | Noticed Edmund
  4688 | D:6      | Killed Edmund
  4783 | D:6      | Reached skill level 10 in Axes
  5116 | D:6      | Found a shadowy altar of Dithmenos.
  5678 | D:7      | Reached XP level 9. HP: 79/79 MP: 9/9
  5727 | D:7      | Noticed a cyclops
  5753 | D:7      | Reached skill level 11 in Axes
  5757 | D:7      | Killed a cyclops
  6036 | D:7      | HP: 2/82 [iguana (5)]
  6037 | D:7      | Slain by an iguana

Illustrated notes

Levels and vault maps discovered:
D:1:      wander_arrival_peaceful_grave, layout_loops_cross,
          minmay_misc_feat_plants
D:2:      layout_basic, basic_altar
D:3:      layout_basic, hellmonk_ecumenical_altar_lost_god, uniq_pargi,
          uniq_ijyb
D:4:      layout_basic, mainiacjoe_overflow_alcove_4,
          mainiacjoe_overflow_surrounded_room, minmay_temple_entry_ruins,
          gammafunk_ghost_split, serial_forest, infiniplex_forest_lined_room_2,
          infiniplex_forest_clump_cross, infiniplex_forest_lined_2,
          infiniplex_forest_clump_long, infiniplex_forest_clump_tiny,
          infiniplex_forest_lined_3_way, infiniplex_forest_diagonal
D:5:      layout_basic
D:6:      layout_basic, nicolae_dithmenos_shadow_blocks, uniq_edmund
D:7:      minmay_the_grid_plus [minmay_the_grid_garden,
          minmay_the_grid_holed_spiral, minmay_the_grid_square_x,
          minmay_the_grid_small_cups, minmay_the_grid_prize_four_corners],
          layout_basic, chequers_temple_overflow_minitemple, uniq_prince_ribbit1

Skill      XL: |  1  2  3  4  5  6  7  8  9 |
---------------+----------------------------+-----
Axes           | 3 4 5 6 7 8 10 11 | 11.9
Fighting       | 4 5 6 7 8 |  8.4
Armour         | 4 5 7 |  7.7
Shields        | |  3.2

Action                     |  1- 3 |  4- 6 |  7- 9 || total
---------------------------+-------+-------+-------++-------
  Melee: War axe           |    84 |   186 |   227 ||   497
 Invoke: Berserk           |       |     1 |     4 ||     5
    Use: Potion            |       |     1 |       ||     1
 Armour: Scale mail        |    48 |    64 |    28 ||   140
         Chain mail        |       |       |    43 ||    43
         Plate armour      |       |       |    22 ||    22
  Dodge: Dodged            |    41 |    73 |    70 ||   184
  Block: Buckler           |    24 |    26 |    38 ||    88

Table legend: (Time is in decaauts)
 A = Elapsed time spent in this place.
 B = Non-inter-level travel time spent in this place.
 C = Inter-level travel time spent in this place.
 D = Time resting spent in this place.
 E = Time spent auto-exploring this place.
 F = Levels seen in this place.
 G = Mean time per level.
                   A        B        C        D        E       F      G
               +--------+--------+--------+--------+--------+-----+--------+
         Total |   6177 |   5962 |    215 |    607 |   4068 |   7 |  882.4 |
       Dungeon |   6177 |   5962 |    215 |    607 |   4068 |   7 |  882.4 |
               +--------+--------+--------+--------+--------+-----+--------+

Top non-repeatable levels by time:
     D:6: 1289 daAuts
     D:3: 1097 daAuts
     D:4: 1016 daAuts
     D:5: 1001 daAuts
     D:2: 755 daAuts
     D:1: 617 daAuts
     D:7: 400 daAuts
